 Dungeon Crawl Stone Soup version 0.20.0-6-gd3061e9 (webtiles) character file.

60 MTVSty1e the Ruffian (level 3, -12/30 HPs)
             Began as a Draconian Transmuter on May 28, 2017.
             Killed from afar by Ijyb (22 damage)
             ... with a wand of lightning (?/15)
             ... on level 3 of the Dungeon.
             The game lasted 00:04:59 (2800 turns).

MTVSty1e the Ruffian (Draconian Transmuter)         Turns: 2800, Time: 00:05:00

Health: -12/30     AC:  8    Str: 13    XL:     3   Next: 80%
Magic:  0/6        EV: 12    Int: 13    God:
Gold:   65         SH:  0    Dex: 11    Spells: 3/6 levels left

rFire    . . .     SeeInvis .   e - +0 dagger
rCold    . . .     Gourm    .   (no shield)
rNeg     . . .     Faith    .   (armour unavailable)
rPois    .         Spirit   +   (helmet restricted)
rElec    .         Reflect  .   (no cloak)
rCorr    .         Harm     .   (no gloves)
MR       .....                  (boots currently unavailable)
Stlth    +.........             j - amulet of guardian spirit
Regen    0.1/turn               k - +3 ring of protection
MPRegen  0.1/turn               (no ring)

@: appendage
A: unfitting armour, talons 3, cold-blooded, AC +5
a: End Transformation


You were on level 3 of the Dungeon.
You were not hungry.
You had grown temporary talons.
You visited 1 branch of the dungeon, and saw 3 of its levels.

You collected 65 gold pieces.

Inventory:

Hand Weapons
 e - a +0 dagger (weapon)
Missiles
 a - 53 arrows
Jewellery
 j - an amulet of guardian spirit (around neck)
 k - a +3 ring of protection (left hand)
Scrolls
 f - 3 scrolls of identify {unknown}
 h - a scroll of remove curse {unknown}
 i - a scroll of teleportation {unknown}
Potions
 d - a potion of heal wounds {unknown}
 g - a potion of lignification {unknown}
Books
 b - a book of Changes

   Spells                             Type                      Level
   a - Beastly Appendage              Transmutation                1
   b - Sticks to Snakes               Transmutation                2
   c - Spider Form                    Transmutation/Poison         3
   d - Ice Form                       Ice/Transmutation            4
   e - Blade Hands                    Transmutation                5
Comestibles
 c - 4 bread rations


   Skills:
 + Level 2.9 Fighting
 + Level 2.1 Short Blades
 - Level 1.7 Dodging
 - Level 3.1 Unarmed Combat
 - Level 2.0 Spellcasting
 - Level 2.0 Transmutations


You had 3 spell levels left.
You knew the following spells:

 Your Spells              Type           Power        Failure   Level  Hunger
a - Beastly Appendage     Tmut           #.....       11%         1    ##.....
b - Sticks to Snakes      Tmut           #.......     17%         2    ###....


Dungeon Overview and Level Annotations

Branches:
Dungeon (3/15)

Altars:

Annotations:
D:3 Ijyb


Innate Abilities, Weirdness & Mutations

Your plain brown scales are hard. (AC +5)
You cannot fit into any form of body armour.
You are cold-blooded and may be slowed by cold attacks.
You have claws for feet.


Message History

You are too injured to fight recklessly!
You are too injured to fight recklessly!
You are too injured to fight recklessly!
You are too injured to fight recklessly!
Casting: Beastly Appendage
Confirm with . or Enter, or press ? or * to list all spells.
You don't have enough magic to cast that spell.
Casting: Beastly Appendage
Confirm with . or Enter, or press ? or * to list all spells.
You don't have enough magic to cast that spell.
Ijyb closely misses you.
You barely miss Ijyb. You claw Ijyb, but do no damage. You hit Ijyb.
Ijyb is lightly wounded.
Ijyb hits you with a club.
You closely miss Ijyb.
Your tail-slap misses Ijyb.
Ijyb is lightly wounded.
Ijyb zaps a wand.
The bolt of lightning hits you!
Ouch! That really hurt!
You die...

#############
#....@g......
#.############
#.# #....# #.#
#.##.# #.#
#.##.# #.#
#>##.# #.#
#.##.#
#.#######.#<.#
#.........####


You could see Ijyb.

Vanquished Creatures
  2 adders (D:2)
  A worm (D:2)
  A dart slug (D:2)
  5 giant cockroaches
  A goblin (D:1)
  4 hobgoblins
  7 kobolds
  5 bats
  6 frilled lizards
  6 rats
38 creatures vanquished.

Notes
Turn   | Place    | Note
-------+----------+-------------------------------------------
     0 | D:1      | MTVSty1e the Draconian Transmuter began the quest for the Orb.
     0 | D:1      | Reached XP level 1. HP: 16/16 MP: 3/3
   423 | D:1      | Reached XP level 2. HP: 24/24 MP: 3/5
  1357 | D:2      | Reached skill level 1 in Short Blades
  1357 | D:2      | Reached XP level 3. HP: 15/30 MP: 6/6
  1698 | D:2      | Learned a level 2 spell: Sticks to Snakes
  2793 | D:3      | Noticed Ijyb
  2800 | D:3      | Killed from afar by Ijyb

Skill      XL: |  1  2  3 |
---------------+----------+-----
Fighting       | 2 |  2.9
Short Blades   | 1 2 |  2.1
Dodging        | |  1.7
Unarmed Combat | |  3.1
Spellcasting   | |  2.0
Transmutations | |  2.0

Action                   || total
-------------------------++-------
Melee: Dagger            ||   216
       Unarmed           ||     8
       Tailslap          ||    19
       Punch             ||     3
       Kick              ||     4
 Cast: Beastly Appendage ||    10
  Use: Potion            ||     1
  Eat: Bread ration      ||     2
Armor: Skin              ||    69
Dodge: Dodged            ||   160
